 Dungeon Crawl Stone Soup version 0.25.1-8-g42b30a86e7 (webtiles) character file.

Game seed: 8543686821775807413

939 DildoBatman the Conjurer (level 8, -4/58 HPs)
             Began as a Formicid Wizard on Dec 18, 2020.
             Was a Priest of Kikubaaqudgha.
             Slain by an ogre
             ... wielding a cursed -1 giant spiked club
              (25 damage)
             ... on level 6 of the Dungeon.
             The game lasted 00:20:04 (5006 turns).

DildoBatman the Conjurer (Formicid Wizard)          Turns: 5006, Time: 00:20:04

Health: -4/58      AC:  2    Str: 12    XL:     8   Next: 34%
Magic:  13/13      EV: 16    Int: 20    God:    Kikubaaqudgha [***...]
Gold:   419        SH:  0    Dex:  9    Spells: 2/14 levels left

rFire    . . .     SeeInvis +   a - +2 hand axe (elec)
rCold    . . .     Gourm    .   (no shield)
rNeg     . . .     Faith    .   d - +0 robe
rPois    .         Spirit   .   (helmet unavailable)
rElec    .         Reflect  .   (no cloak)
rCorr    .         Harm     .   (no gloves)
MR       .....                  (no boots)
Stlth    ++........             (no amulet)
HPRegen  0.19/turn              A - +4 ring of evasion
MPRegen  0.13/turn              (no ring)

@: starving
A: permanent stasis, dig shafts and tunnels, four strong arms, antennae 3
a: Dig, Shaft Self, Receive Corpses, Renounce Religion


You were on level 6 of the Dungeon.
You worshipped Kikubaaqudgha.
Kikubaaqudgha was most pleased with you.
You were starving.

You visited 2 branches of the dungeon, and saw 7 of its levels.
You also visited: Ossuary.

You collected 419 gold pieces.

Inventory:

Hand Weapons
 a - a +2 hand axe of electrocution (weapon)
 b - a +0 hunting sling
 F - a +0 vampiric rapier
Missiles
 c - 120 stones
 g - 40 bolts
 h - 5 javelins
 p - 2 boomerangs
 q - 96 arrows
 u - 22 sling bullets
 B - 3 atropa-tipped darts
 C - 11 poisoned darts (quivered)
Armour
 d - a +0 robe (worn)
Jewellery
 A - a +4 ring of evasion (left hand)
Scrolls
 i - 8 scrolls of teleportation {unknown}
 m - 2 scrolls of blinking {unknown}
 n - 2 scrolls of immolation {unknown}
 r - 2 scrolls of magic mapping {unknown}
 s - 3 scrolls of enchant weapon {unknown}
 x - 10 scrolls of remove curse
 y - 3 scrolls of amnesia {unknown}
 z - 2 scrolls of identify
 J - a scroll of fear {unknown}
Potions
 e - 4 potions of curing {unknown}
 f - 4 potions of flight
 j - 3 potions of heal wounds {unknown}
 k - 4 potions of haste {unknown}
 l - 3 potions of berserk rage {unknown}
 o - 2 potions of brilliance
 t - a potion of magic {unknown}
 w - 2 potions of lignification {unknown}
 D - 2 potions of mutation {unknown}
 E - a potion of might {unknown}
 G - a potion of stabbing {unknown}
 H - a potion of cancellation {unknown}
 I - a potion of invisibility {unknown}
Comestibles
 v - 12 rations


   Skills:
 * Level 3.3 Fighting
 * Level 3.4 Armour
 - Level 1.7 Dodging
 - Level 2.4 Stealth
 * Level 3.8 Spellcasting
 - Level 4.0 Conjurations
   Level 1.0 Summonings
 - Level 0.4 Necromancy
   Level 0.8 Translocations
 * Level 3.4 Fire Magic
 - Level 2.4 Air Magic
 - Level 3.9 Poison Magic


You had 2 spell levels left.
You knew the following spells:

 Your Spells              Type           Power        Failure   Level  Hunger
a - Conjure Flame         Conj/Fire      ###.....     9%          3    ###....
c - Magic Dart            Conj           ###.         2%          1    None
d - Vampiric Draining     Necr           #.........   32%         3    ###....
e - Mephitic Cloud        Conj/Pois/Air  ###.....     10%         3    ###....
z - Sublimation of Blood  Necr           #.........   17%         2    ##.....

Your spell library contained the following spells:

 Spells                   Type           Power        Failure   Level  Hunger
 Animate Skeleton         Necr           N/A          11%         1    None
 Pain                     Necr           #...         11%         1    None
 Sandblast                Erth           #.....       13%         1    None
 Call Imp                 Summ           #.......     13%         2    ##.....
 Passwall                 Tmut/Erth      #.......     21%         2    ##.....
 Slow                     Hex            #.......     21%         2    ##.....
 Stone Arrow              Conj/Erth      ##....       17%         3    ###....
 Animate Dead             Necr           N/A          73%         4    ####...
 Dispel Undead            Necr           #.......     73%         4    ####...
 Petrify                  Tmut/Erth      #.......     78%         4    ####...
 Borgnjor's Vile Clutch   Necr/Erth      #.........   97%         5    ######.
 Lee's Rapid Deconstruct  Erth           #.........   98%         5    ######.
 Death Channel            Necr           #.........   100%        6    #######
 Simulacrum               Ice/Necr       #.........   100%        6    #######
 Blink                    Tloc           Unusable     N/A         2    N/A

Dungeon Overview and Level Annotations

Branches:
Dungeon (6/15)             Temple (1/1) D:4         Ossuary (visited)

Altars:
Cheibriados
Dithmenos
Fedhas
Hepliaklqana
Kikubaaqudgha
Makhleb
Nemelex Xobeh
Okawaru
Qazlal
Ru
Sif Muna
Trog
Uskayaw
Vehumet
Wu Jian
Yredelemnul
Zin
The Shining One
Lugonu


Innate Abilities, Weirdness & Mutations

You cannot be hasted, slowed, berserked, paralysed or teleported.
You can dig through walls and to a lower floor.
Your four strong arms can wield two-handed weapons with a shield.
You have a pair of large antennae on your head. (SInv)


Message History

The ogre hits you with a cursed -1 giant spiked club!!
You hit the ogre. Lightning courses through the ogre!
The ogre is almost dead.
The ogre hits you with a cursed -1 giant spiked club!
You don't have the energy to cast that spell.
You closely miss the ogre.
The ogre is almost dead.
The ogre barely misses you.
You barely miss the ogre.
The ogre is almost dead.
The ogre closely misses you.
You barely miss the ogre.
The ogre is almost dead.
The ogre hits you with a cursed -1 giant spiked club.
You hit the ogre but do no damage.
The ogre is almost dead.
The ogre hits you with a cursed -1 giant spiked club!!
You die...
Kikubaaqudgha rasps: "You have failed me!
Welcome... death!"

###
#.#
#.#
#.#
#.#
#<#
#O#
#@#
#.#
#.#
#.#
#.#
#.#
#.#
#.#


You could see an ogre.

Vanquished Creatures
  Sigmund (D:3)
  An ice beast (D:5)
  An ogre (D:4)
  A scorpion (D:5)
  3 crimson imps
  2 hounds
  2 orc wizards
  A bullfrog skeleton (D:5)
  2 worker ants
  A killer bee zombie (D:5)
  A hound skeleton (D:4)
  9 mummies
  4 adders
  An adder skeleton (D:4)
  2 dart slugs
  2 leopard geckos
  14 orcs
  3 ball pythons
  6 bats
  3 giant cockroaches
  A gnoll zombie (Ossuary)
  8 goblins
  8 hobgoblins
  6 jackals
  A quokka (D:5)
  5 frilled lizards
  A goblin zombie (D:5)
  A hobgoblin zombie (D:5)
  5 kobolds
  5 kobold zombies (Ossuary)
  2 orc zombies (Ossuary)
  7 rats
110 creatures vanquished.

Vanquished Creatures (others)
  5 plants (D:1)
5 creatures vanquished.

Grand Total: 115 creatures vanquished

Notes
Turn   | Place    | Note
-------+----------+-------------------------------------------
     0 | D:1      | DildoBatman the Formicid Wizard began the quest for the
                  | Orb.
     0 | D:1      | Reached XP level 1. HP: 13/13 MP: 4/4
    24 | D:1      | Reached skill level 1 in Conjurations
   146 | D:1      | Reached XP level 2. HP: 5/19 MP: 0/6
   351 | D:1      | Reached skill level 2 in Conjurations
   670 | D:1      | Reached XP level 3. HP: 24/24 MP: 5/7
   998 | D:2      | Found a faded altar of an unknown god.
  1104 | D:2      | Reached skill level 3 in Conjurations
  1348 | D:2      | Reached XP level 4. HP: 17/30 MP: 2/8
  1419 | D:2      | Became a worshipper of Kikubaaqudgha
  1419 | D:2      | Reached * piety under Kikubaaqudgha
  1419 | D:2      | Identified Kikubaaqudgha's Disquisition on Sinister Secrets
                  | (Kikubaaqudgha gifted it to you on level 2 of the Dungeon)
  1419 | D:2      | Received a gift from Kikubaaqudgha
  1444 | D:2      | Learned a level 3 spell: Conjure Flame
  1448 | D:2      | Learned a level 3 spell: Mephitic Cloud
  1879 | D:3      | Noticed Sigmund
  2273 | D:3      | Reached skill level 1 in Poison Magic
  2399 | D:3      | Found a blossoming altar of Fedhas.
  2545 | D:3      | Reached ** piety under Kikubaaqudgha
  2697 | D:3      | Reached XP level 5. HP: 31/35 MP: 3/9
  2786 | D:3      | Reached skill level 1 in Fire Magic
  2786 | D:3      | Reached skill level 1 in Air Magic
  2981 | D:3      | Killed Sigmund
  2981 | D:3      | Reached skill level 1 in Fighting
  2981 | D:3      | Reached skill level 1 in Armour
  2981 | D:3      | Reached XP level 6. HP: 43/43 MP: 3/10
  3201 | D:4      | Found a staircase to the Ecumenical Temple.
  3212 | Temple   | Entered the Ecumenical Temple
  3378 | D:4      | Noticed an ogre
  3391 | D:4      | Killed an ogre
  3391 | D:4      | Reached XP level 7. HP: 48/48 MP: 0/11
  3397 | D:4      | Reached skill level 4 in Conjurations
  3519 | D:4      | Found a shadowy altar of Dithmenos.
  3692 | D:4      | Found a bloodstained altar of Trog.
  3693 | D:4      | Found a stormy altar of Qazlal.
  3693 | D:4      | Found an iron altar of Okawaru.
  3696 | D:4      | Found a glowing silver altar of Zin.
  3981 | D:5      | Entered Level 5 of the Dungeon
  4200 | D:5      | Learned a level 3 spell: Vampiric Draining
  4203 | D:5      | Learned a level 2 spell: Sublimation of Blood
  4252 | D:5      | Reached XP level 8. HP: 57/57 MP: 4/13
  4282 | D:5      | Found a sand-covered staircase.
  4309 | Ossuary  | Entered an ossuary
  4368 | Ossuary  | Reached *** piety under Kikubaaqudgha
  4368 | Ossuary  | Identified Kikubaaqudgha's Guide on Stolen Souls
                  | (Kikubaaqudgha gifted it to you in an ossuary)
  4368 | Ossuary  | Received a gift from Kikubaaqudgha
  4817 | D:5      | Found a sacrificial altar of Ru.
  5006 | D:6      | Slain by an ogre

Illustrated notes

Levels and vault maps discovered:
D:1:      roderic_crop_circles_arrival_small, layout_rooms
D:2:      layout_loops_corners, chequers_ecumenical_altar_simple_redux,
          first_ration
D:3:      layout_basic, fedhas_ov_isle_minmay, uniq_sigmund
D:4:      layout_loops_cross, minitemple, overflow_temple_1_default,
          minmay_temple_entry_overgrown
D:5:      layout_layer_cave, old_standard_altar, nicolae_ossuary_entry_giza,
          minmay_manual_monstrance
D:6:      layout_rooms, serial_bayou_lagoon_a, dk_noncrumbling_4,
          roderic_roman_lattice, trog_book
Temple:   kb_corrupted_temple

Skill      XL: |  1  2  3  4  5  6  7  8 |
---------------+-------------------------+-----
Conjurations   | 1 2 3 4 |  4.0
Poison Magic   | 1 2 3 |  3.9
Fire Magic     | 1 2 3 |  3.4
Air Magic      | 1 2 |  2.4
Fighting       | 1 2 3 |  3.3
Armour         | 1 2 3 |  3.4
Dodging        | |  1.7
Stealth        | |  2.4
Spellcasting   | |  3.8
Summonings     | |  1.0
Necromancy     | |  0.4
Translocations | |  0.8

Action                   |  1- 3 |  4- 6 |  7- 9 || total
-------------------------+-------+-------+-------++-------
Melee: Unarmed           |    21 |       |       ||    21
       Short sword       |     2 |    32 |       ||    34
       Mace              |       |     2 |       ||     2
       Hand axe          |       |       |    66 ||    66
 Fire: Hunting sling     |       |    11 |    93 ||   104
Throw: Javelin           |       |     7 |       ||     7
       Stone             |       |     7 |       ||     7
       Dart              |       |     4 |       ||     4
 Cast: Magic Dart        |    70 |    87 |    42 ||   199
       Mephitic Cloud    |       |     7 |     6 ||    13
       Conjure Flame     |       |     5 |     5 ||    10
 Abil: Dig               |     1 |    11 |     6 ||    18
  Use: Scroll            |       |     3 |       ||     3
 Stab: Confused          |       |     1 |     3 ||     4
       Sleeping          |       |       |     2 ||     2
  Eat: Chunk             |     1 |    10 |     5 ||    16
Armor: Robe              |     3 |    11 |       ||    14
Dodge: Dodged            |    28 |    40 |    49 ||   117
